NCAA
GEORGIA BULLDOGS @ NORTH CAROLINA TAR HEELS
04/14/2028
 
TOP OF THE 1ST
Georgia Bulldogs batting - Pitching for North Carolina Tar Heels : RHP Randolph Patterson
Pitching: RHP Randolph Patterson
Batting: RHB John Field 0-0: Reached on error, E6 (Groundball, 6)
Batting: RHB Ángel Torres 0-0: Called Strike
0-1: Swinging Strike
0-2: Ball
1-2: Ball
2-2: Ball
3-2: Foul Ball, location: 2F
3-2: Base on Balls
John Field to second
Batting: RHB Tom Stoltz 0-0: Called Strike
John Field steals 3rd base
Ángel Torres to second
0-1: Ground out 1-3 (Groundball, 15S)
Batting: RHB Gerald Miller 0-0: Hit by Pitch
Batting: SHB Jean-François St-Amant 0-0: Called Strike
0-1: Called Strike
0-2: Ball
1-2: Foul Ball, location: 2F
1-2: Strikes out swinging
Batting: RHB Russell Maldonado 0-0: Foul Ball, location: 2F
0-1: Ball
Wild Pitch!
John Field scores
Ángel Torres to third
Gerald Miller to second
1-1: Foul Ball, location: 2F
1-2: Foul Ball, location: 2F
1-2: Ball
2-2: Foul Ball, location: 2F
2-2: Ball
3-2: Foul Ball, location: 2F
3-2: Base on Balls
Batting: RHB Ernie Ross 0-0: Called Strike
0-1: Ball
1-1: Ball
2-1: Swinging Strike
2-2: Strikes out looking
Top of the 1st over - 1 run(s), 0 hit(s), 1 error(s), 3 left on base; Georgia 1 - North Carolina 0
BOTTOM OF THE 1ST
North Carolina Tar Heels batting - Pitching for Georgia Bulldogs : RHP Marcus Frank
Pitching: RHP Marcus Frank
Batting: LHB Chris Hutchison 0-0: Swinging Strike
0-1: Called Strike
0-2: Ball
1-2: Strikes out looking
Batting: LHB Marvin Jones 0-0: Ball
1-0: SINGLE (Line Drive, 9S)
Batting: LHB Will Robinson 0-0: Fly out, F8 (Flyball, 8LM)
Pitching: RHP Jon Glass
Batting: RHB Jeff Navarro 0-0: Foul Ball, location: 2F
0-1: Ground out 3-1 (Groundball, 34)
Bottom of the 1st over - 0 run(s), 1 hit(s), 0 error(s), 1 left on base; Georgia 1 - North Carolina 0
TOP OF THE 2ND
Georgia Bulldogs batting - Pitching for North Carolina Tar Heels : RHP Randolph Patterson
Batting: LHB Bill Williams 0-0: Called Strike
0-1: Foul Ball, location: 2F
0-2: Ball
1-2: Ground out 6-3 (Groundball, 6S)
Batting: RHB Jeff Allen 0-0: Ball
1-0: Ball
2-0: Foul Ball, location: 2F
2-1: Foul Ball, location: 2F
2-2: Strikes out looking
Batting: RHB John Field 0-0: Ball
1-0: Swinging Strike
1-1: Foul Ball, location: 2F
1-2: Ball
2-2: Ball
3-2: Foul Ball, location: 2F
3-2: Reached on error, E5 (Groundball, 5S)
Batting: RHB Ángel Torres 0-0: Fly out, F8 (Flyball, 8LD)
Top of the 2nd over - 0 run(s), 0 hit(s), 1 error(s), 1 left on base; Georgia 1 - North Carolina 0
BOTTOM OF THE 2ND
North Carolina Tar Heels batting - Pitching for Georgia Bulldogs : RHP Jon Glass
Batting: RHB Stan Crosby 0-0: Ball
1-0: Ground out 6-3 (Groundball, 6)
Batting: RHB Jesús Nieves 0-0: Foul Ball, location: 2F
0-1: Ball
1-1: Ground out 6-3 (Groundball, 6MS)
Batting: RHB Mauro Vargas 0-0: Ball
1-0: Ball
2-0: Ball
3-0: Called Strike
3-1: Foul Ball, location: 2F
3-2: Strikes out swinging
Bottom of the 2nd over - 0 run(s), 0 hit(s), 0 error(s), 0 left on base; Georgia 1 - North Carolina 0
TOP OF THE 3RD
Georgia Bulldogs batting - Pitching for North Carolina Tar Heels : RHP Randolph Patterson
Batting: RHB Tom Stoltz 0-0: Ball
1-0: Called Strike
1-1: Ball
2-1: Foul Ball, location: 2F
2-2: Foul Ball, location: 2F
2-2: SINGLE (Groundball, 4) (infield hit)
Batting: RHB Gerald Miller 0-0: Ball
1-0: Ball
2-0: Ball
3-0: Base on Balls
Tom Stoltz to second
Batting: SHB Jean-François St-Amant 0-0: Swinging Strike
0-1: Ball
1-1: SINGLE (Groundball, 6S) (infield hit)
Tom Stoltz to third
Gerald Miller to second
Batting: RHB Russell Maldonado 0-0: Foul Ball, location: 2F
0-1: Ball
1-1: Swinging Strike
1-2: Fly out, F8 (Line Drive, 8LM)
Runner from 3rd tags up, SCORES, throw made
Batting: RHB Ernie Ross 0-0: Ball
1-0: Ball
2-0: Foul Ball, location: 2F
2-1: Reached on error, E4 (Groundball, 4M)
Gerald Miller to third
Jean-François St-Amant to second
Batting: LHB Bill Williams 0-0: Called Strike
0-1: Foul Ball, location: 2F
0-2: Ball
1-2: Hit by Pitch
Gerald Miller scores
Jean-François St-Amant to third
Ernie Ross to second
Batting: RHB Jeff Allen 0-0: Called Strike
0-1: Ball
1-1: Ball
2-1: Ball
3-1: Foul Ball, location: 2F
3-2: Strikes out looking
Batting: RHB John Field 0-0: Ball
1-0: Swinging Strike
1-1: Foul Ball, location: 2F
1-2: Foul Ball, location: 2F
1-2: Ball
2-2: Ball
3-2: SINGLE (Groundball, 34S) (infield hit)
Jean-François St-Amant scores
Ernie Ross to third
Bill Williams to second
Pitching: RHP Preston Carter
Batting: RHB Ángel Torres 0-0: Ground out 1-3 (Groundball, 15S)
Top of the 3rd over - 3 run(s), 3 hit(s), 1 error(s), 3 left on base; Georgia 4 - North Carolina 0
BOTTOM OF THE 3RD
North Carolina Tar Heels batting - Pitching for Georgia Bulldogs : RHP Jon Glass
Batting: SHB Jason Smith 0-0: Fly out, F9 (Flyball, 9S)
Batting: RHB Scotty Sherman 0-0: Ball
1-0: Called Strike
1-1: Fly out, F9 (Flyball, 89S)
Batting: LHB Chris Hutchison 0-0: SINGLE (Groundball, 4D)
Batting: LHB Marvin Jones 0-0: Called Strike
0-1: Ball
Chris Hutchison is caught stealing 2nd base
Bottom of the 3rd over - 0 run(s), 1 hit(s), 0 error(s), 0 left on base; Georgia 4 - North Carolina 0
TOP OF THE 4TH
Georgia Bulldogs batting - Pitching for North Carolina Tar Heels : RHP Preston Carter
Batting: RHB Tom Stoltz 0-0: Called Strike
0-1: Called Strike
0-2: Ball
1-2: Ball
2-2: Fly out, F5 (Line Drive, 5)
Batting: RHB Gerald Miller 0-0: Ball
1-0: Ball
2-0: Called Strike
2-1: Called Strike
2-2: Fly out, F4 (Popup, 4S)
Batting: SHB Jean-François St-Amant 0-0: Ball
1-0: Ball
2-0: Ball
3-0: Called Strike
3-1: Base on Balls
Batting: RHB Russell Maldonado 0-0: Ball
1-0: Foul Ball, location: 2F
1-1: Swinging Strike
1-2: Ball
2-2: Ball
3-2: Foul Ball, location: 2F
3-2: Foul Ball, location: 2F
3-2: Base on Balls
Jean-François St-Amant to second
Batting: RHB Ernie Ross 0-0: SINGLE (Line Drive, 4)
Jean-François St-Amant to third
Russell Maldonado to second
Runner from 3rd tries for Home, SAFE, no throw
Batting: LHB Bill Williams 0-0: 3-RUN HOME RUN (Flyball, 9LD), Distance : 340 ft
Pitching: RHP Adam Miller
Batting: RHB Jeff Allen 0-0: Called Strike
0-1: Ball
1-1: Foul Ball, location: 2F
1-2: Ball
2-2: Strikes out swinging
Top of the 4th over - 4 run(s), 2 hit(s), 0 error(s), 0 left on base; Georgia 8 - North Carolina 0
BOTTOM OF THE 4TH
North Carolina Tar Heels batting - Pitching for Georgia Bulldogs : RHP Jon Glass
Batting: LHB Marvin Jones 0-0: Ball
1-0: Called Strike
1-1: Foul Ball, location: 2F
1-2: Ball
2-2: SINGLE (Flyball, 9S)
Batting: LHB Will Robinson 0-0: Ball
1-0: Called Strike
1-1: Swinging Strike
1-2: Ball
2-2: Ball
3-2: SINGLE (Flyball, 8LS)
Marvin Jones to second
Batting: RHB Jeff Navarro 0-0: Called Strike
0-1: Foul Ball, location: 2F
0-2: Foul Ball, location: 2F
0-2: Foul Ball, location: 2F
0-2: Strikes out swinging
Batting: RHB Stan Crosby 0-0: Ball
Wild Pitch!
Marvin Jones to third
Will Robinson to second
1-0: Foul Ball, location: 2F
1-1: Called Strike
1-2: Strikes out swinging
Batting: RHB Jesús Nieves 0-0: Ball
1-0: Ball
2-0: Foul Ball, location: 2F
2-1: Swinging Strike
2-2: Strikes out swinging
Bottom of the 4th over - 0 run(s), 2 hit(s), 0 error(s), 2 left on base; Georgia 8 - North Carolina 0
TOP OF THE 5TH
Georgia Bulldogs batting - Pitching for North Carolina Tar Heels : RHP Adam Miller
Batting: RHB John Field 0-0: Called Strike
0-1: Ball
1-1: Ball
2-1: Called Strike
2-2: Ball
3-2: Base on Balls
Batting: RHB Ángel Torres 0-0: Called Strike
0-1: Foul Ball, location: 2F
0-2: Fielders Choice at 2nd, 1-6 (Groundball, 13S)
Batting: RHB Tom Stoltz 0-0: Called Strike
0-1: Foul Ball, location: 2F
0-2: Strikes out swinging
Batting: RHB Gerald Miller 0-0: Ball
Ángel Torres is caught stealing 2nd base
Top of the 5th over - 0 run(s), 0 hit(s), 0 error(s), 0 left on base; Georgia 8 - North Carolina 0
BOTTOM OF THE 5TH
North Carolina Tar Heels batting - Pitching for Georgia Bulldogs : RHP Jon Glass
Batting: RHB Mauro Vargas 0-0: Ball
1-0: Fly out, F8 (Line Drive, 8LM)
Batting: SHB Jason Smith 0-0: Ground out U3 (Groundball, 34)
Batting: RHB Scotty Sherman 0-0: Ball
1-0: Called Strike
1-1: Foul Ball, location: 2F
1-2: Strikes out swinging
Bottom of the 5th over - 0 run(s), 0 hit(s), 0 error(s), 0 left on base; Georgia 8 - North Carolina 0
TOP OF THE 6TH
Georgia Bulldogs batting - Pitching for North Carolina Tar Heels : RHP Adam Miller
Batting: RHB Gerald Miller 0-0: Fly out, F8 (Flyball, 8RM)
Batting: SHB Jean-François St-Amant 0-0: Swinging Strike
0-1: Ball
1-1: Ball
2-1: Foul Ball, location: 2F
2-2: Ball
3-2: Strikes out swinging
Batting: RHB Russell Maldonado 0-0: Ball
1-0: Swinging Strike
1-1: Foul Ball, location: 2F
1-2: SINGLE (Line Drive, 6M)
Batting: RHB Ernie Ross 0-0: SINGLE (Line Drive, 6M)
Russell Maldonado to second
Batting: LHB Bill Williams 0-0: Ball
1-0: Ball
2-0: Ball
3-0: Base on Balls
Russell Maldonado to third
Ernie Ross to second
Batting: RHB Jeff Allen 0-0: Ball
1-0: Called Strike
1-1: Ball
2-1: Ball
3-1: Called Strike
3-2: Foul Ball, location: 2F
3-2: Base on Balls
Russell Maldonado scores
Ernie Ross to third
Bill Williams to second
Batting: RHB John Field 0-0: Ball
1-0: Called Strike
1-1: Hit by Pitch
Ernie Ross scores
Bill Williams to third
Jeff Allen to second
Batting: RHB Ángel Torres 0-0: Ball
1-0: Ball
2-0: Foul Ball, location: 2F
2-1: Called Strike
2-2: Foul Ball, location: 2F
2-2: Ball
3-2: Foul Ball, location: 2F
3-2: Base on Balls
Bill Williams scores
Jeff Allen to third
John Field to second
Pitching: LHP Gene Johnston
Batting: RHB Tom Stoltz 0-0: Swinging Strike
0-1: Ball
1-1: Called Strike
1-2: Ball
2-2: Ball
3-2: Ground out U3 (Groundball, 34)
Top of the 6th over - 3 run(s), 2 hit(s), 0 error(s), 3 left on base; Georgia 11 - North Carolina 0
BOTTOM OF THE 6TH
North Carolina Tar Heels batting - Pitching for Georgia Bulldogs : RHP Jon Glass
Batting: LHB Chris Hutchison 0-0: Ball
1-0: Reached on error, E3 (Groundball, 34S)
Batting: LHB Marvin Jones 0-0: Ball
Chris Hutchison steals 2nd base
1-0: Ball
2-0: Called Strike
2-1: Ball
3-1: Base on Balls
Pitching: LHP Monty Bint
Batting: LHB Will Robinson 0-0: SINGLE (Groundball, 25) (infield hit)
Chris Hutchison to third
Marvin Jones to second
Batting: RHB Jeff Navarro 0-0: Swinging Strike
0-1: Called Strike
0-2: Ball
1-2: Foul Ball, location: 2F
1-2: Ball
2-2: Ball
3-2: Foul Ball, location: 2F
3-2: Foul Ball, location: 2F
3-2: Foul Ball, location: 2F
3-2: Grounds into double play, 6-4-3 (Groundball, 6)
Chris Hutchison scores
Marvin Jones to third
Batting: RHB Stan Crosby 0-0: Ground out 1-3 (Groundball, P)
Bottom of the 6th over - 1 run(s), 1 hit(s), 1 error(s), 1 left on base; Georgia 11 - North Carolina 1
TOP OF THE 7TH
Georgia Bulldogs batting - Pitching for North Carolina Tar Heels : LHP Gene Johnston
Batting: RHB Gerald Miller 0-0: Called Strike
0-1: Swinging Strike
0-2: Foul Ball, location: 2F
0-2: Ball
1-2: Foul Ball, location: 2F
1-2: Ball
2-2: Strikes out swinging
Batting: SHB Jean-François St-Amant 0-0: Called Strike
0-1: Swinging Strike
0-2: Ball
1-2: Strikes out looking
Batting: RHB Russell Maldonado 0-0: Ball
1-0: Ball
2-0: Ball
3-0: Called Strike
3-1: Base on Balls
Batting: RHB Ernie Ross 0-0: DOUBLE (Groundball, 5L)
Russell Maldonado to third
Runner from 3rd tries for Home, SAFE, no throw
Batting: LHB Bill Williams 0-0: Called Strike
0-1: Swinging Strike
0-2: Strikes out swinging
Top of the 7th over - 1 run(s), 1 hit(s), 0 error(s), 1 left on base; Georgia 12 - North Carolina 1
BOTTOM OF THE 7TH
North Carolina Tar Heels batting - Pitching for Georgia Bulldogs : LHP Monty Bint
Batting: RHB Jesús Nieves 0-0: Foul Ball, location: 2F
0-1: Ball
1-1: Called Strike
1-2: Ball
2-2: Foul Ball, location: 2F
2-2: Foul Ball, location: 2F
2-2: Strikes out swinging
Batting: RHB Mauro Vargas 0-0: Called Strike
0-1: Called Strike
0-2: Ball
1-2: Foul Ball, location: 2F
1-2: Fly out, F1 (Line Drive, 13)
Batting: SHB Jason Smith 0-0: Ball
1-0: Foul Ball, location: 2F
1-1: Ball
2-1: Foul Ball, location: 2F
2-2: SINGLE (Groundball, 56D)
Batting: RHB Scotty Sherman 0-0: Ball
1-0: Called Strike
1-1: Ball
2-1: Swinging Strike
2-2: Ball
3-2: Ground out U3 (Groundball, 3S)
Bottom of the 7th over - 0 run(s), 1 hit(s), 0 error(s), 1 left on base; Georgia 12 - North Carolina 1
TOP OF THE 8TH
Georgia Bulldogs batting - Pitching for North Carolina Tar Heels : LHP Gene Johnston
Batting: RHB Jeff Allen 0-0: Ball
1-0: Ball
2-0: Ball
3-0: Base on Balls
Batting: RHB John Field 0-0: Ball
1-0: Fielders Choice at 2nd, 5-4 (Groundball, 56)
Batting: RHB Ángel Torres 0-0: Swinging Strike
0-1: Swinging Strike
0-2: Strikes out swinging
Batting: RHB Tom Stoltz 0-0: Ball
1-0: Foul Ball, location: 2F
1-1: Ball
2-1: Ball
3-1: Base on Balls
John Field to second
Batting: RHB Gerald Miller 0-0: Foul Ball, location: 2F
0-1: Swinging Strike
0-2: Strikes out swinging
Top of the 8th over - 0 run(s), 0 hit(s), 0 error(s), 2 left on base; Georgia 12 - North Carolina 1
BOTTOM OF THE 8TH
North Carolina Tar Heels batting - Pitching for Georgia Bulldogs : LHP Monty Bint
Batting: LHB Chris Hutchison 0-0: Foul Ball, location: 2F
0-1: Swinging Strike
0-2: Ball
1-2: Strikes out swinging
Batting: LHB Marvin Jones 0-0: Swinging Strike
0-1: Ball
1-1: Swinging Strike
1-2: Foul Ball, location: 2F
1-2: Strikes out swinging
Batting: LHB Will Robinson 0-0: Ball
1-0: Ball
2-0: Foul Ball, location: 2F
2-1: Foul Ball, location: 2F
2-2: Fly out, F6 (Popup, 6D)
Bottom of the 8th over - 0 run(s), 0 hit(s), 0 error(s), 0 left on base; Georgia 12 - North Carolina 1
TOP OF THE 9TH
Georgia Bulldogs batting - Pitching for North Carolina Tar Heels : LHP Gene Johnston
Pitching: RHP Júlio Martínez
Batting: SHB Jean-François St-Amant 0-0: Ball
1-0: Called Strike
1-1: Ball
2-1: Ball
3-1: Base on Balls
Batting: RHB Russell Maldonado 0-0: Swinging Strike
0-1: Ball
1-1: Fielders Choice at 2nd, 5-4 (Groundball, 56)
Batting: RHB Ernie Ross 0-0: Fly out, F1 (Line Drive, 15)
Batting: LHB Bill Williams 0-0: Ball
1-0: Ball
2-0: Ball
3-0: Called Strike
3-1: SINGLE (Line Drive, 89S)
Russell Maldonado to second
Runner from 2nd tries for 3rd, SAFE, throw made to third
Batting: RHB Jeff Allen 0-0: Ball
1-0: Swinging Strike
1-1: Ball
2-1: Called Strike
2-2: Foul Ball, location: 2F
2-2: Strikes out swinging
Top of the 9th over - 0 run(s), 1 hit(s), 0 error(s), 2 left on base; Georgia 12 - North Carolina 1
BOTTOM OF THE 9TH
North Carolina Tar Heels batting - Pitching for Georgia Bulldogs : LHP Monty Bint
Now at 1B: Leroy Surtees
Batting: RHB Jeff Navarro 0-0: Ball
1-0: Ball
2-0: Ball
3-0: Called Strike
3-1: Swinging Strike
3-2: Fly out, F9 (Flyball, 9S)
Batting: RHB Stan Crosby 0-0: Called Strike
0-1: Ground out 6-3 (Groundball, 56)
Batting: RHB Jesús Nieves 0-0: DOUBLE (Line Drive, 78M)
Batting: RHB Mauro Vargas 0-0: Called Strike
0-1: Called Strike
0-2: Ball
1-2: SINGLE (Groundball, 34D)
Jesús Nieves to third
Runner from 3rd tries for Home, SAFE, no throw
Batting: SHB Jason Smith 0-0: Called Strike
0-1: Single, Error in OF, E7, batter to second base
Mauro Vargas to third
Batting: RHB Scotty Sherman 0-0: Ball
1-0: Foul Ball, location: 2F
1-1: Ball
2-1: Foul Ball, location: 2F
2-2: Ball
3-2: Ground out 4-3 (Groundball, 4)
Bottom of the 9th over - 1 run(s), 3 hit(s), 1 error(s), 2 left on base; Georgia 12 - North Carolina 2
Tuesday, August 8th, 2017 - OOTP Baseball 17.12 Build 75